 Dungeon Crawl Stone Soup version 0.19.0-18-g426998a (webtiles) character file.

83 Madoushi the Digger (level 4, -2/36 HPs)
             Began as a Deep Dwarf Earth Elementalist on Nov 10, 2016.
             Slain by an ufetubus (3 damage)
             ... summoned by Eustachio
             ... on level 4 of the Dungeon on Nov 11, 2016.
             The game lasted 00:20:42 (1131 turns).

Madoushi the Digger (Deep Dwarf Earth Elementalist) Turns: 1131, Time: 00:20:42

Health: -2/36      AC:  3    Str: 11      XL:     4   Next: 22%
Magic:  7/7        EV: 12    Int: 19      God:
Gold:   96         SH:  0    Dex: 12 (13) Spells: 2 memorised, 4 levels left

rFire  . . .     SeeInvis .     h - +0 short sword
rCold  . . .     Gourm    .     a - +0 leather armour
rNeg   . . .     Faith    .     (no shield)
rPois  .         Spirit   .     (no helmet)
rElec  .         Reflect  .     (no cloak)
rCorr  .         Harm     .     (no gloves)
MR     .....                    (no boots)
Stlth  ++........               (no amulet)
                                (no ring)
                                (no ring)

@: very slightly contaminated, non-regenerating
A: damage resistance, recharge devices, clever 1, sense surroundings 1, slow
regeneration 3
a: Device Recharging


You were on level 4 of the Dungeon.
You were very full.

You visited 1 branch of the dungeon, and saw 4 of its levels.
You also visited: Sewer.

You collected 96 gold pieces.

Inventory:

Hand Weapons
 h - a +0 short sword (weapon)
 l - a +0 short sword
 r - a +0 dagger
 u - a +0 club
Missiles
 b - 26 stones (quivered)
 m - 23 sling bullets
 n - 5 arrows
 q - 16 bolts
Armour
 a - a +0 leather armour (worn)
 c - a +0 robe
Jewellery
 i - an uncursed ring of fire {unknown}
Wands
 d - a wand of heal wounds (0/9)
 j - a wand of hasting (4/9)
Scrolls
 g - 2 scrolls of identify
 o - 3 scrolls of random uselessness {unknown}
 w - a scroll of recharging {unknown}
 x - a scroll of enchant weapon {unknown}
Potions
 s - a potion of brilliance {unknown}
Books
 e - a book of Geomancy

   Spells                             Type                      Level
   a - Sandblast                      Earth                        1
   b - Passwall                       Transmutation/Earth          2
   c - Stone Arrow                    Conjuration/Earth            3
   d - Petrify                        Transmutation/Earth          4
   e - Lee's Rapid Deconstruction     Earth                        5
Comestibles
 f - a bread ration
 p - a meat ration
 t - a beef jerky


   Skills:
 + Level 0.1 Fighting
 + Level 1.0 Short Blades
 + Level 1.3 Armour
 + Level 2.5 Dodging
 + Level 2.6 Stealth
 + Level 2.5 Spellcasting
   Level 0.8 Transmutations
 + Level 4.9 Earth Magic


You had 4 spell levels left.
You knew the following spells:

 Your Spells              Type           Power        Failure   Level  Hunger
a - Sandblast             Erth           ###...       2%          1    #......
b - Stone Arrow           Conj/Erth      ##....       24%         3    ###....


Dungeon Overview and Level Annotations

Branches:
Dungeon (4/15)
 Temple: D:4-7

Altars:
Fedhas

Annotations:
D:4 Eustachio


Innate Abilities, Weirdness & Mutations

You are resistant to damage.
You can recharge devices by infusing magical energy.
You passively map a small area around you.
You do not regenerate.
Your mind is acute. (Int +2)


Message History

The ufetubus misses you. x2; The ufetubus barely misses you.
The bat hits you but does no damage. The ufetubus closely misses you.
The ufetubus hits you.
* * * LOW HITPOINT WARNING * * *
The bat hits you but does no damage. The rat bites you but does no damage.
You barely miss the ufetubus. The bat completely misses you.
The ufetubus barely misses you. The ufetubus closely misses you.
The bat misses you. x2; The ufetubus hits you.
* * * LOW HITPOINT WARNING * * *
The ufetubus closely misses you. The rat barely misses you.
The bat hits you but does no damage. x3; The rat bites you but does no damage.
The bat hits you. x2; The ufetubus hits you.
* * * LOW HITPOINT WARNING * * *
The ufetubus barely misses you. The bat misses you.
The bat completely misses you.
Eustachio mumbles some strange words.
The bat hits you.
The rat disappears in a puff of smoke!
The bat disappears in a puff of smoke!
The ufetubus hits you. x2
You die...

###.##.######.##..##
#..............#...#
5..............+...#
#..............#...#
#..@...........#...#
###.###.###...###+##
###'###.###...##..######
.........r.r...........#
...........@r...@......#
.....@...##..###5b#######
.######..##..###.§##....#
.######..##......§.#.<..#
...................#....#
.........##..###'###....#
.........##..##........##
*
..######+##...#........#
* .,* , #...#........# *


You could see Eustachio, a river rat, an ufetubus, 2 quokkas and a bat.

Vanquished Creatures
  A worker ant (D:4)
  2 adders
  A river rat (D:3)
  5 leopard geckos
  2 bats
  5 giant cockroaches (D:3)
  2 goblins (D:3)
  A hobgoblin (D:1)
  2 jackals (D:3)
  3 kobolds (D:2)
  2 frilled lizards
  3 rats
29 creatures vanquished.

Notes
Turn   | Place    | Note
-------+----------+-------------------------------------------
     0 | D:1      | Madoushi the Deep Dwarf Earth Elementalist began the quest for the Orb.
     0 | D:1      | Reached XP level 1. HP: 15/15 MP: 3/3
   230 | D:1      | Reached XP level 2. HP: 22/22 MP: 1/4
   392 | D:2      | Gained mutation: Your mind is acute. (Int +2) [potion of beneficial mutation]
   516 | D:3      | Upgraded the game from 0.19.0-17-g07987d3 to 0.19.0-18-g426998a
   679 | D:3      | Reached XP level 3. HP: 15/28 MP: 1/6
   693 | D:3      | Learned a level 3 spell: Stone Arrow
   715 | D:3      | Found a glowing drain.
   755 | Sewer    | Entered a sewer
   902 | D:4      | Reached skill level 1 in Armour
   902 | D:4      | Reached XP level 4. HP: 19/36 MP: 5/7
   965 | D:4      | Reached skill level 1 in Short Blades
   980 | D:4      | Noticed Eustachio
  1068 | D:4      | Found a blossoming altar of Fedhas.
  1129 | D:4      | HP: 1/36 [ufetubus[Eustachio] (1)]
  1131 | D:4      | Slain by an ufetubus

Skill      XL: |  1  2  3  4 |
---------------+-------------+-----
Spellcasting   | 2 |  2.5
Armour         | 1 |  1.3
Short Blades   | 1 |  1.0
Fighting       | |  0.1
Dodging        | |  2.5
Stealth        | |  2.6
Transmutations | |  0.8
Earth Magic    | |  4.9

Action                   |  1- 3 |  4- 6 || total
-------------------------+-------+-------++-------
Melee: Unarmed           |    18 |       ||    18
       Short sword       |    71 |     5 ||    76
 Cast: Sandblast         |    32 |     2 ||    34
Evoke: Wand              |     3 |     3 ||     6
  Use: Potion            |     1 |       ||     1
       Scroll            |     1 |     1 ||     2
  Eat: Bread ration      |     1 |     1 ||     2
Armor: Leather armour    |    16 |    39 ||    55
Dodge: Dodged            |    76 |    69 ||   145
